[Event "fics rated crazyhouse match"]
[Site "fics, Oklahoma City, OK USA"]
[Date "2000.01.29"]
[White "Ebenfelt"]
[WhiteElo "2348"]
[Black "LINDEGREN"]
[BlackElo "2316"]
[TimeControl "180+0"]
[Result "0-1"]

1. e4 Nf6 2. e5 Nd5 3. d4 e6 4. Nf3 Nc6 5. Bd3 d6 6. O-O 
Nxd4 7. Nxd4 dxe5 8. Nf3 P@d6 9. Nc3 Nf4 10. Bxf4 exf4 11. Re1 B@h6 
12. N@g4 P@e3 13. fxe3 fxe3 14. Nxe3 Bxe3+ 15. Rxe3 N@g4 16. Re2 d5 17. P@f2 
Bc5 18. B@g3 O-O 19. h3 Nxf2 20. Bxf2 Bxf2+ 21. Rxf2 B@e3 22. B@e1 P@g3 
23. N@g4 gxf2+ 24. Bxf2 Bxf2+ 25. Nxf2 P@g3 26. Ng4 e5 27. Bxh7+ Kh8 28. P@f6 
Bxg4 29. fxg7+ Kxg7 30. P@h6+ Kxh6 31. B@e3+ B@f4 32. Bxf4+ exf4 33. hxg4 B@e3+ 
34. P@f2 gxf2+ 35. Kh1 R@g1+ 36. Nxg1 N@g3+ 37. Kh2 fxg1=Q+ 38. Qxg1 Bxg1+ 39. Rxg1 
N@f1+ 40. Rxf1 Nxf1+ 41. Kg1 P@f2+ 42. Kxf2 Q@e3+ 43. Kxf1 R@g1# 
{Ebenfelt checkmated} 0-1

[Event "fics rated crazyhouse match"]
[Site "fics, Oklahoma City, OK USA"]
[Date "2000.01.29"]
[White "LINDEGREN"]
[WhiteElo "2325"]
[Black "Ebenfelt"]
[BlackElo "2338"]
[TimeControl "180+0"]
[Result "0-1"]

1. e4 e5 2. Nf3 Nc6 3. d4 exd4 4. Nxd4 Nxd4 5. Qxd4 Nf6 6. Nc3 
P@h3 7. Bg5 Be7 8. N@f5 Rg8 9. Nxe7 Qxe7 10. Bxf6 gxf6 11. Nd5 hxg2 
12. Bxg2 Rxg2 13. B@f3 N@h4 14. Bxg2 N@f3+ 15. Bxf3 Nxf3+ 16. Kd1 Nxd4 17. R@g8+ 
B@f8 18. Nxc7+ Kd8 19. N@c3 B@f3+ 20. P@e2 Nxe2 21. Ne6+ dxe6 22. P@c7+ Kxc7 
23. N@b5+ Kb8 
{LINDEGREN resigns} 0-1

[Event "fics rated crazyhouse match"]
[Site "fics, Oklahoma City, OK USA"]
[Date "2000.01.29"]
[White "Ebenfelt"]
[WhiteElo "2346"]
[Black "LINDEGREN"]
[BlackElo "2317"]
[TimeControl "180+0"]
[Result "0-1"]

1. e4 e6 2. d4 Nf6 3. Nc3 Bb4 4. Bd3 d5 5. exd5 Nxd5 6. Bd2 
Nc6 7. Nxd5 Bxd2+ 8. Qxd2 exd5 9. N@h5 Qe7+ 10. P@e5 f6 11. Ne2 Nxd4 
12. Nxd4 Qxe5+ 13. Qe2 P@d2+ 14. Kf1 Qxe2+ 15. Bxe2 Q@e7 16. N@f5 Bxf5 17. Nxf5 
P@h3 18. B@f3 hxg2+ 19. Bxg2 B@e4 20. Nxe7 Bxg2+ 21. Kg1 N@h3+ 22. Kxg2 N@f4+ 
23. Kf3 P@e4+ 24. Ke3 B@c5+ 25. Kxd2 Bxe7 26. Nxg7+ Kd8 27. P@e6 N@e5 28. Q@a4 
P@c6 29. P@f7 Kc8 30. P@d7+ Nxd7 31. exd7+ Kxd7 32. B@g4+ P@e6 33. B@e8+ Raxe8 
34. fxe8=Q+ Rxe8 35. Bxh3 Nxh3 36. Q@f7 B@h6+ 37. N@e3 Bxg7 38. Qxg7 P@f4 39. B@f7 
fxe3+ 40. fxe3 B@g5 41. Bxe6+ Kxe6 42. P@f5+ Kd7 43. P@e6+ Kc8 44. Qf7 Bxe3+ 
45. Kxe3 B@f4+ 46. Kd4 P@e5+ 47. Kc3 d4+ 48. Kb3 N@d2# 
{Ebenfelt checkmated} 0-1

[Event "fics rated crazyhouse match"]
[Site "fics, Oklahoma City, OK USA"]
[Date "2000.01.29"]
[White "Ebenfelt"]
[WhiteElo "2345"]
[Black "LINDEGREN"]
[BlackElo "2318"]
[TimeControl "180+0"]
[Result "0-1"]

1. e4 Nf6 2. Nc3 Nc6 3. d4 e6 4. Nf3 Bb4 5. Bd3 d5 6. exd5 
Nxd5 7. Bd2 Bxc3 8. bxc3 N@f4 9. Rg1 P@g4 10. Ne5 Nxe5 11. dxe5 N@h4 
12. Bxf4 Nxf4 13. Bb5+ B@d7 14. Bxd7+ Qxd7 15. N@f6+ gxf6 16. N@g7+ Kf8 17. Qxd7 
Bxd7 18. P@e7+ Kg8 19. Q@f8+ Rxf8 20. exf8=Q+ Kxf8 21. B@e7+ Kxe7 22. exf6+ Kxf6 
23. P@e5+ Kxe5 24. B@d4+ Kd6 25. R@e3 Nhxg2+ 26. Rxg2 Nxg2+ 27. Kd1 N@b2+ 28. Kc1 
Q@d1+ 29. Kxb2 Qxa1+ 30. Kxa1 Q@c1+ 31. Q@b1 P@b2# 
{Ebenfelt checkmated} 0-1

[Event "fics rated crazyhouse match"]
[Site "fics, Oklahoma City, OK USA"]
[Date "2000.01.29"]
[White "LINDEGREN"]
[WhiteElo "2327"]
[Black "Ebenfelt"]
[BlackElo "2336"]
[TimeControl "180+0"]
[Result "1-0"]

1. e4 e5 2. Nf3 Nc6 3. d4 exd4 4. Nxd4 Nf6 5. Nc3 Bc5 6. Be3 
Bxd4 7. Bxd4 Nxd4 8. Qxd4 N@c6 9. Qd1 B@h6 10. B@d2 Bxd2+ 11. Qxd2 P@d4 
12. N@f5 Rg8 13. Nxd4 Nxd4 14. Qxd4 N@c6 15. Qd2 B@d4 16. B@d5 Bxc3 17. bxc3 
Nxd5 18. Qxd5 B@e6 19. Qd2 Ne5 20. B@e2 d5 21. P@d4 dxe4 22. Rd1 Ng4 
23. Bxg4 Bxg4 24. Be2 Bxe2 25. Qxe2 B@f5 26. B@g3 B@d6 27. N@e5 Bxe5 28. dxe5 
P@d3 29. Qh5 Bg6 30. B@b5+ Bd7 31. Bxd7+ Qxd7 32. B@g4 Qb5 33. Qxg6 hxg6 
34. B@d7+ Kf8 35. Bxb5 B@e7 36. N@h7# 
{Ebenfelt checkmated} 1-0

[Event "fics rated crazyhouse match"]
[Site "fics, Oklahoma City, OK USA"]
[Date "2000.01.29"]
[White "Ebenfelt"]
[WhiteElo "2328"]
[Black "LINDEGREN"]
[BlackElo "2335"]
[TimeControl "180+0"]
[Result "1-0"]

1. e4 Nf6 2. Nc3 e6 3. d4 d5 4. e5 Ne4 5. Nxe4 dxe4 6. Nh3 
Nc6 7. Be3 Bb4+ 8. c3 Bf8 9. Be2 N@h4 10. O-O Nf5 11. Qd2 Be7 
12. f3 exf3 13. Bxf3 Nxe3 14. Qxe3 P@f5 15. N@h5 Rg8 16. Kh1 B@h6 17. Qe2 
Nxe5 18. dxe5 P@g4 19. Bxg4 fxg4 20. Qxg4 B@g6 21. Rad1 Bd7 22. P@d6 cxd6 
23. exd6 Bxd6 24. Rxd6 P@e7 25. Rdd1 P@d5 26. P@g5 Bxh5 27. Qxh5 N@g6 28. gxh6 
gxh6 29. Qxh6 Bc6 30. Qxh7 Rf8 31. P@g7 Kd7 32. gxf8=Q Nxf8 33. Qxf7 P@g4 
34. N@e5+ Kc7 35. Nxc6 gxh3 36. B@a5+ b6 37. Nxd8 hxg2+ 38. Kxg2 N@h4+ 39. Kh3 
Rxd8 40. Qxe7+ Nd7 41. B@d6+ Kb7 42. N@c5+ bxc5 43. Q@c7+ Ka6 44. B@b7+ Kb5 
45. B@c6+ Kc4 46. P@b3# 
{LINDEGREN checkmated} 1-0

[Event "fics rated crazyhouse match"]
[Site "fics, Oklahoma City, OK USA"]
[Date "2000.01.29"]
[White "LINDEGREN"]
[WhiteElo "2327"]
[Black "Ebenfelt"]
[BlackElo "2336"]
[TimeControl "180+0"]
[Result "1-0"]

1. e4 e5 2. Nf3 Nc6 3. Bc4 Bc5 4. O-O Nf6 5. Nc3 O-O 6. d3 
h6 7. Be3 d6 8. Bxc5 dxc5 9. B@f5 B@g4 10. h3 Bgxf5 11. exf5 Bxf5 
12. B@e4 B@e6 13. Bxe6 Bxe6 14. B@f5 P@d5 15. Bxe6 dxe4 16. Bxf7+ Rxf7 17. Nxe4 
Nd4 18. Nxd4 cxd4 19. B@e6 B@h5 20. P@g4 Bg6 21. P@f5 Bh7 22. Bxf7+ Kxf7 
23. N@e6 Qd7 24. Nxf6 gxf6 25. R@g7+ Ke8 26. Rxd7 Kxd7 27. Nc5+ Kc6 28. Q@d7+ 
Kb6 29. N@c4+ Kxc5 30. Qxc7+ B@c6 31. b4+ Kxb4 32. Qa5# 
{Ebenfelt checkmated} 1-0

[Event "fics rated crazyhouse match"]
[Site "fics, Oklahoma City, OK USA"]
[Date "2000.01.29"]
[White "Ebenfelt"]
[WhiteElo "2328"]
[Black "LINDEGREN"]
[BlackElo "2335"]
[TimeControl "180+0"]
[Result "0-1"]

1. e4 Nf6 2. Nc3 e6 3. d4 Bb4 4. Bd3 d5 5. exd5 Nxd5 6. Bd2 
P@a3 7. Nxd5 Bxd2+ 8. Qxd2 axb2 9. Rd1 exd5 10. N@h5 Qe7+ 11. P@e5 f6 
12. Nf3 B@g4 13. Nxg7+ Qxg7 14. exf6 Qxf6 15. B@e5 Qe6 16. P@f5 Bxf5 17. Bxf5 
Qxf5 18. Bxh8 N@e4 19. Qh6 B@b4+ 20. Kf1 P@e2+ 21. Kxe2 N@c3+ 22. Ke1 Nxd1+ 
23. P@d2 Bxd2+ 24. Ke2 Ndc3+ 25. Kf1 P@e2+ 26. Kg1 R@f1# 
{Ebenfelt checkmated} 0-1

[Event "fics rated crazyhouse match"]
[Site "fics, Oklahoma City, OK USA"]
[Date "2000.01.29"]
[White "Ebenfelt"]
[WhiteElo "2329"]
[Black "LINDEGREN"]
[BlackElo "2334"]
[TimeControl "180+0"]
[Result "0-1"]

1. e4 Nf6 2. Nc3 e6 3. d4 d5 4. e5 Ne4 5. Nxe4 dxe4 6. Nh3 
Nc6 7. Be3 Bb4+ 8. c3 Be7 9. Be2 N@h4 10. O-O Nxg2 11. Kxg2 P@f3+ 
12. Bxf3 exf3+ 13. Kxf3 B@h5+ 14. P@g4 Nxe5+ 15. dxe5 Bxg4+ 16. Kxg4 Qxd1+ 17. Rfxd1 
h5+ 18. Kf3 Q@g4# 
{Ebenfelt checkmated} 0-1

[Event "fics rated crazyhouse match"]
[Site "fics, Oklahoma City, OK USA"]
[Date "2000.01.29"]
[White "LINDEGREN"]
[WhiteElo "2342"]
[Black "Ebenfelt"]
[BlackElo "2321"]
[TimeControl "180+0"]
[Result "0-1"]

1. e4 e5 2. Nf3 Nc6 3. d4 exd4 4. Nxd4 Nf6 5. Nf5 d5 6. P@g5 
Nxe4 7. Nxg7+ Bxg7 8. P@h6 Bd4 9. Be3 Bxe3 10. fxe3 P@f2+ 11. Ke2 N@g1# 
{LINDEGREN resigns} 0-1

[Event "fics rated crazyhouse match"]
[Site "fics, Oklahoma City, OK USA"]
[Date "2000.01.29"]
[White "Ebenfelt"]
[WhiteElo "2329"]
[Black "LINDEGREN"]
[BlackElo "2334"]
[TimeControl "180+0"]
[Result "1-0"]

1. e4 e6 2. d4 b6 3. Nf3 Bb7 4. Bd3 Nf6 5. Qe2 d5 6. e5 
Ne4 7. Nbd2 Nxd2 8. Bxd2 N@e4 9. O-O Nxd2 10. Qxd2 B@e4 11. Qf4 Nc6 
12. Ng5 Qxg5 13. Qxg5 Nxd4 14. Bxe4 dxe4 15. B@h5 P@g6 16. Rad1 gxh5 17. Rxd4 
N@e2+ 18. Kh1 Nxd4 19. Rd1 B@f3 20. Rxd4 R@e1+ 21. N@g1 B@c6 22. Q@d8# 
{LINDEGREN resigns} 1-0

[Event "fics rated crazyhouse match"]
[Site "fics, Oklahoma City, OK USA"]
[Date "2000.01.29"]
[White "LINDEGREN"]
[WhiteElo "2326"]
[Black "Ebenfelt"]
[BlackElo "2337"]
[TimeControl "180+0"]
[Result "1-0"]

1. e4 e5 2. Nf3 Nc6 3. Bc4 Bc5 4. O-O Nf6 5. Nc3 O-O 6. d3 
h6 7. Be3 d6 8. Bxc5 dxc5 9. Nd5 Bg4 10. B@e2 B@h5 11. Ne3 Bxf3 
12. Bxf3 Bxf3 13. Qxf3 Nd4 14. Qd1 B@e2 15. Qc1 Bxf1 16. Qxf1 R@g5 17. B@g3 
Nh5 18. B@h4 N@e2+ 19. Kh1 Nhxg3+ 20. hxg3 Rh5 21. Nf5 B@g5 22. B@g4 Bxh4 
23. Bxh5 Bxg3 24. Bhxf7+ Kh7 25. P@g6+ Kh8 26. R@h7# 
{Ebenfelt checkmated} 1-0

[Event "fics rated crazyhouse match"]
[Site "fics, Oklahoma City, OK USA"]
[Date "2000.01.29"]
[White "Ebenfelt"]
[WhiteElo "2329"]
[Black "LINDEGREN"]
[BlackElo "2334"]
[TimeControl "180+0"]
[Result "0-1"]

1. e4 Nf6 2. Nc3 e6 3. d4 b6 4. Bd3 Bb7 5. Qe2 Bb4 6. Nf3 
d5 7. exd5 Nxd5 8. Bd2 Bxc3 9. bxc3 N@f4 10. Qf1 Nxd3+ 11. cxd3 P@b2 
12. Rb1 B@c1 13. Bxc1 bxc1=Q+ 14. Rxc1 Nc6 15. P@b2 B@h5 16. B@e2 Nf4 17. P@g3 
Nxe2 18. Qxe2 B@g4 19. B@h3 Bxh3 20. gxh3 B@g2 21. N@g5 Bgxf3 22. Nxf3 N@g5 
23. B@g2 Bxf3 24. Bxf3 Nxf3+ 25. Qxf3 N@g5 26. Qe3 Nxd4 27. cxd4 Bxh1 28. B@e2 
R@g1+ 29. Kd2 Rxc1 30. Kxc1 B@b4 31. B@d2 Bxd2+ 32. Qxd2 Nf3 33. Bxf3 Bxf3 
34. R@e1 B@a5 35. B@c3 Bxc3 36. Qxc3 B@a5 37. b4 Bxb4 38. Qxb4 B@a5 39. Rxe6+ 
fxe6 40. P@f7+ Kd7 41. N@e5+ Kc8 42. B@a6+ P@b7 43. B@d7+ Qxd7 44. Nxd7 Bxb4 
45. Q@e8+ R@d8 46. Nxb6+ axb6 47. P@d7+ Kb8 48. N@c6+ Bxc6 49. Qxd8+ Rxd8 50. R@c8+ 
Ka7 51. Rxa8+ Rxa8 52. N@c8+ Kb8 53. d8=Q Q@d2+ 54. Kb1 Q@c1# 
{Ebenfelt checkmated} 0-1

[Event "fics rated crazyhouse match"]
[Site "fics, Oklahoma City, OK USA"]
[Date "2000.01.29"]
[White "TheLongOne"]
[WhiteElo "2090"]
[Black "LSS"]
[BlackElo "2347"]
[TimeControl "180+0"]
[Result "0-1"]

1. e4 e6 2. d4 d5 3. e5 Ne7 4. Nf3 Nbc6 5. Bd3 Nf5 6. Bxf5 
exf5 7. Bg5 Be7 8. Bxe7 Qxe7 9. N@h5 B@f8 10. B@g5 Qb4+ 11. Nbd2 Qxb2 
12. O-O B@g4 13. Nxg7+ Bxg7 14. Bf6 Bxf6 15. exf6 Rg8 16. P@g7 P@e4 17. Rb1 
Qxa2 18. Ra1 Qb2 19. B@a3 Qc3 20. Re1 B@d8 21. Nxe4 fxe4 22. P@e7 Bxe7 
23. fxe7 Bxf3 24. Qxf3 exf3 25. B@b5 N@h3# 
{TheLongOne resigns} 0-1

[Event "fics rated crazyhouse match"]
[Site "fics, Oklahoma City, OK USA"]
[Date "2000.01.29"]
[White "LSS"]
[WhiteElo "2350"]
[Black "TheLongOne"]
[BlackElo "2087"]
[TimeControl "180+0"]
[Result "1-0"]

1. e4 e6 2. Nf3 d5 3. exd5 exd5 4. d4 Bf5 5. Nc3 Bb4 6. Bb5+ 
P@c6 7. Bd3 Bxd3 8. cxd3 B@h5 9. O-O Nd7 10. Re1+ Ne7 11. h3 Bxc3 
12. bxc3 N@h4 13. B@g4 Nxf3+ 14. Qxf3 Bxg4 15. Qxg4 B@f6 16. N@h5 Rg8 17. P@g5 
N@c2 18. gxf6 gxf6 19. Qxg8+ Nf8 20. Nxf6# 
{TheLongOne checkmated} 1-0

[Event "fics rated crazyhouse match"]
[Site "fics, Oklahoma City, OK USA"]
[Date "2001.01.29"]
[White "AngelicK"]
[WhiteElo "2400"]
[Black "GusMcClain"]
[BlackElo "2270"]
[TimeControl "60+0"]
[Result "1-0"]

1. e4 Nf6 2. Nc3 d5 3. exd5 Nxd5 4. Nf3 e6 5. d4 Bd6 6. Bd3 
Qe7 7. O-O Nxc3 8. bxc3 N@d5 9. Bd2 Nc6 10. N@h5 f5 11. P@e5 Bxe5 
12. dxe5 P@e4 13. B@g5 P@f6 14. exf6 gxf6 15. Bxf6 Nxf6 16. Nxf6+ Qxf6 17. Bg5 
Qf7 18. N@h6 Qg7 19. P@f7+ Kf8 20. P@f6 Qxf7 21. Nxf7 exf3 22. Qxf3 Rg8 
23. Nd6 B@e8 24. P@g7+ Rxg7 25. fxg7+ Kxg7 26. Q@f6+ Kg8 27. R@h8# 
{GusMcClain checkmated} 1-0

[Event "fics rated crazyhouse match"]
[Site "fics, Oklahoma City, OK USA"]
[Date "2001.01.29"]
[White "GusMcClain"]
[WhiteElo "2265"]
[Black "AngelicK"]
[BlackElo "2406"]
[TimeControl "60+0"]
[Result "0-1"]

1. e4 e6 2. Nf3 Nc6 3. Nc3 Nf6 4. d4 d6 5. Bd3 Be7 6. O-O 
O-O 7. Re1 Ng4 8. h3 Nxf2 9. Kxf2 f5 10. e5 Nxd4 11. exd6 Nxf3 
12. Qxf3 Bxd6 13. P@e5 Bxe5 14. Rxe5 Qd4+ 15. Re3 P@f4 16. B@e5 fxe3+ 17. Qxe3 
Qxe3+ 18. Bxe3 P@g3+ 19. Bxg3 f4 20. Bgxf4 P@g3+ 21. Kf1 Rxf4+ 22. P@f3 N@h2+ 
23. Kg1 B@f2+ 24. Kh1 Bxe3 25. N@e7+ Kf7 26. N@e5+ Kxe7 27. P@d6+ cxd6 28. Q@g5+ 
B@f6 29. Qxg3 N@f2+ 30. Kxh2 P@h4 31. N@g8+ Kd8 32. P@e7+ Bxe7 33. Qxg7 P@g3+ 
34. Qxg3 hxg3+ 35. Kxg3 Q@h4+ 36. Kh2 Q@h1+ 37. Rxh1 P@g3+ 38. Kg1 Nxh3+ 39. Kf1 
R@c1+ 40. Ke2 Rxc2+ 41. Kxe3 Re4# 
{GusMcClain forfeits on time} 0-1

[Event "fics rated crazyhouse match"]
[Site "fics, Oklahoma City, OK USA"]
[Date "2001.01.29"]
[White "AngelicK"]
[WhiteElo "2411"]
[Black "GusMcClain"]
[BlackElo "2260"]
[TimeControl "60+0"]
[Result "0-1"]

1. e4 d6 2. Nc3 e5 3. d4 Nf6 4. dxe5 dxe5 5. Qxd8+ Kxd8 6. Bg5 
Nc6 7. Rd1+ P@d4 8. Nf3 Bg4 9. P@h6 Be7 10. hxg7 Re8 11. P@b5 Nb4 
12. Bxf6 Nxc2+ 13. Kd2 Bxf6 14. Kxc2 Bxf3 15. gxf3 N@b4+ 16. Kd2 Q@c2+ 17. Ke1 
Qxd1+ 18. Kxd1 P@c2+ 19. Ke1 dxc3 20. Q@d6+ cxd6 21. B@c7+ Kc8 22. N@b6+ axb6 
23. N@a7+ Kxc7 24. Q@c4+ R@c5 25. Qxf7+ B@e7 
{AngelicK resigns} 0-1

[Event "fics rated crazyhouse match"]
[Site "fics, Oklahoma City, OK USA"]
[Date "2001.01.29"]
[White "GusMcClain"]
[WhiteElo "2271"]
[Black "AngelicK"]
[BlackElo "2399"]
[TimeControl "60+0"]
[Result "1-0"]

1. e4 e6 2. Nc3 Nc6 3. d4 Nf6 4. e5 Nd5 5. Nxd5 exd5 6. Nf3 
d6 7. Bb5 Bg4 8. Qe2 Be7 9. exd6 cxd6 10. h3 Bxf3 11. gxf3 N@f4 
12. Bxf4 N@g2+ 13. Kd1 Nxf4 14. Qd2 P@g2 15. Re1 B@h6 16. N@f5 g1=Q 17. Rxg1 
Qd7 18. Nxh6 gxh6 19. N@g7+ Kd8 20. B@f5 Ne6 21. Nxe6+ fxe6 22. P@g7 Re8 
23. P@f7 exf5 24. fxe8=Q+ Qxe8 25. g8=Q B@d7 26. N@f7+ Kc7 27. Qxe8 Rxe8 28. Bxc6 
Bxc6 29. B@e5 B@b5 30. Nxd6 P@e2+ 31. Kc1 P@a3 32. Nxe8+ Kd8 33. Q@c7+ Kxe8 
34. R@g8+ N@f8 35. Rxf8+ Kxf8 36. R@g8+ Kf7 37. R1g7+ Ke6 38. Qxe7# 
{AngelicK checkmated} 1-0

[Event "fics rated crazyhouse match"]
[Site "fics, Oklahoma City, OK USA"]
[Date "2001.01.29"]
[White "Tecumseh"]
[WhiteElo "2300"]
[Black "BarryWhite"]
[BlackElo "2375"]
[TimeControl "180+0"]
[Result "0-1"]

1. e4 e6 2. d4 d5 3. Nc3 Nc6 4. e5 Nge7 5. Bg5 h6 6. Bh4 
Qd7 7. Bxe7 Bxe7 8. N@h5 Bf8 9. Bb5 B@g6 10. Bxc6 Qxc6 11. Nf4 Bb4 
12. Nge2 B@g5 13. Nxg6 fxg6 14. O-O Bxc3 15. Nxc3 N@f4 16. B@a4 O-O 17. Bxc6 
bxc6 18. B@g4 B@f5 19. Bxf5 exf5 20. B@f3 B@e4 21. Bxe4 fxe4 22. B@g4 Bxg4 
23. Qxg4 B@f5 24. Qxf5 Rxf5 25. B@g4 B@f3 26. B@h3 Bxg4 27. Bxg4 B@f3 28. B@h3 
Bxg4 29. Bxg4 B@f3 30. B@h3 Nxh3+ 31. Bxh3 B@g4 32. Q@e6+ Q@f7 33. Qxc6 Rf8 
34. e6 Qf6 35. P@f7+ Kh7 36. N@d7 Bxh3 37. Nxf6+ Bxf6 38. Q@g8+ Rxg8 39. fxg8=Q+ 
Kxg8 40. Qe8+ B@f8 41. Qf7+ Kh7 42. R@h8+ Kxh8 43. Qxf8+ N@g8 44. N@f7+ Kh7 
45. Qxg8+ Kxg8 46. Nxh6+ gxh6 47. P@f7+ Kg7 48. N@e8+ Kh7 49. B@a3 R@h1+ 50. Kxh1 
Bhxg2+ 51. Kg1 Q@h1# 
{Tecumseh checkmated} 0-1

[Event "fics rated crazyhouse match"]
[Site "fics, Oklahoma City, OK USA"]
[Date "2001.01.29"]
[White "BarryWhite"]
[WhiteElo "2381"]
[Black "Tecumseh"]
[BlackElo "2294"]
[TimeControl "180+0"]
[Result "0-1"]

1. e4 Nc6 2. d4 Nf6 3. Nc3 d5 4. exd5 Nxd5 5. Nf3 Bg4 6. Be2 
e6 7. Nxd5 exd5 8. N@e5 Bxf3 9. Bxf3 Nxe5 10. dxe5 N@h4 11. B@g4 P@f5 
12. Bxf5 Nxf5 13. Bxd5 Bb4+ 14. P@c3 B@e6 15. N@f4 Bxd5 16. Nxd5 B@e4 17. B@f3 
Bxf3 18. Qxf3 N@h4 19. Qe4 N@c5 20. Qxb4 Qxd5 21. B@h3 N@d3+ 22. cxd3 Nxd3+ 
23. Ke2 Nxb4 24. B@a4+ B@b5+ 25. Bxb5+ Qxb5# 
{BarryWhite resigns} 0-1

[Event "fics rated crazyhouse match"]
[Site "fics, Oklahoma City, OK USA"]
[Date "2000.01.30"]
[White "BEO"]
[WhiteElo "2170"]
[Black "Thufir"]
[BlackElo "2290"]
[TimeControl "180+0"]
[Result "0-1"]

1. e4 e6 2. d4 Nc6 3. Nf3 Nf6 4. Bd3 Be7 5. O-O d6 6. Nc3 
e5 7. dxe5 Nxe5 8. Nxe5 dxe5 9. N@f5 Bxf5 10. exf5 P@d4 11. Ne4 Nxe4 
12. Bxe4 N@d6 13. B@d3 N@c5 14. Re1 N@f6 15. N@g3 Ncxe4 16. Nxe4 Nfxe4 17. Bxe4 
N@f6 18. N@g3 Nfxe4 19. Nxe4 Nxf5 20. N@h5 B@f6 21. Qg4 P@g6 22. Nhxf6+ Bxf6 
23. Nxf6+ gxf6 24. P@g5 B@h5 25. Qe4 N@d6 26. Qd5 c6 27. Qb3 N@e2+ 28. Kh1 
Nxc1 29. Raxc1 B@f4 30. gxf6 Qxf6 31. N@c7+ Kd7 32. Nxa8 Rxa8 33. N@c5+ Ke7 
34. B@a3 P@d2 35. Ne4 dxe1=Q+ 36. Rxe1 N@h3 37. Nxd6 R@g1+ 38. Rxg1 Nxf2# 
{BEO checkmated} 0-1

[Event "fics rated crazyhouse match"]
[Site "fics, Oklahoma City, OK USA"]
[Date "2000.01.30"]
[White "Thufir"]
[WhiteElo "2295"]
[Black "BEO"]
[BlackElo "2165"]
[TimeControl "180+0"]
[Result "0-1"]

1. e4 e6 2. d4 d5 3. exd5 exd5 4. Bb5+ c6 5. Qe2+ Be7 6. Bf4 
cxb5 7. P@c7 B@a5+ 8. Nc3 Bxc7 9. Bxc7 Qxc7 10. Nxd5 Qd7 11. Nxe7 Nxe7 
12. B@e5 P@f6 13. Bxb8 Rxb8 14. B@c5 P@d6 15. Bxa7 Ra8 16. N@b6 B@a5+ 17. P@b4 
Bxb6 18. Bxb6 N@d5 19. B@d8 O-O 20. Bxe7 Nxe7 21. N@c7 N@f4 22. Qxb5 B@c6 
23. Qf1 Bxg2 24. Qc4 B@d5 25. Qc3 Bxh1 26. Nxa8 Bhe4 27. O-O-O P@e2 28. Re1 
R@d1+ 29. Rxd1 exd1=Q+ 30. Kxd1 Qg4+ 31. P@e2 Qxg1+ 32. R@e1 R@a1+ 33. R@c1 Rxc1+ 
34. Kxc1 R@a1+ 35. Kd2 Qxe1+ 36. Ke3 Ng2# 
{Thufir checkmated} 0-1

[Event "fics rated crazyhouse match"]
[Site "fics, Oklahoma City, OK USA"]
[Date "2000.01.30"]
[White "BEO"]
[WhiteElo "2176"]
[Black "Thufir"]
[BlackElo "2284"]
[TimeControl "180+0"]
[Result "1-0"]

1. e4 e6 2. d4 Nc6 3. Nf3 Nf6 4. Bd3 d5 5. e5 Ne4 6. O-O 
Be7 7. Nbd2 Nxd2 8. Bxd2 N@f4 9. Bxf4 f6 10. Re1 O-O 11. N@h5 f5 
12. Nxg7 Kxg7 13. P@f6+ Bxf6 14. exf6+ Rxf6 15. N@h5+ Kf7 16. Nxf6 Qxf6 17. Ng5+ 
Ke8 18. B@f7+ Kd7 19. Bxe6+ Kd8 20. R@g8+ N@f8 21. P@g7 Bxe6 22. Nxe6+ Ke7 
23. gxf8=Q+ Rxf8 24. Nxf8+ Kf7 25. R@g7+ Qxg7 26. Rxg7+ Kxg7 27. B@h6+ Kf6 28. Q@g7# 
{Thufir checkmated} 1-0

[Event "fics rated crazyhouse match"]
[Site "fics, Oklahoma City, OK USA"]
[Date "2000.01.30"]
[White "Thufir"]
[WhiteElo "2274"]
[Black "BEO"]
[BlackElo "2186"]
[TimeControl "180+0"]
[Result "1-0"]

1. e4 e6 2. d4 d6 3. Nc3 Nf6 4. Nf3 Be7 5. Bd3 Nc6 6. e5 
Nd5 7. Nxd5 exd5 8. N@h5 Bf8 9. Bg5 Qd7 10. Qe2 dxe5 11. Nxe5 Nxe5 
12. dxe5 N@e6 13. N@f6+ gxf6 14. Nxf6+ Kd8 15. Nxd7+ Kxd7 16. Bf5 Bb4+ 17. P@c3 
N@d4 18. Bxe6+ Nxe6 19. N@f6+ Kc6 20. Q@b5# 
{BEO checkmated} 1-0

[Event "fics rated crazyhouse match"]
[Site "fics, Oklahoma City, OK USA"]
[Date "2000.01.30"]
[White "BEO"]
[WhiteElo "2180"]
[Black "Thufir"]
[BlackElo "2280"]
[TimeControl "180+0"]
[Result "0-1"]

1. e4 e6 2. d4 Nc6 3. Nf3 Nf6 4. Bd3 d6 5. O-O Be7 6. Nc3 
O-O 7. Re1 e5 8. dxe5 Nxe5 9. Nxe5 dxe5 10. N@f5 Bxf5 11. exf5 N@d6 
12. Rxe5 N@g4 13. Re1 P@c4 14. Be2 Nxf2 15. Kxf2 Nde4+ 16. Kf1 Qxd1 17. Nxd1 
P@d2 18. Bxd2 Nxd2+ 19. Kg1 B@b6+ 20. P@e3 Nde4 21. P@e5 Bxe3+ 22. Nxe3 P@f2+ 
23. Kh1 fxe1=Q+ 24. Rxe1 Nf2+ 25. Kg1 Q@h1+ 26. Kxf2 Ne4+ 27. Kf3 Ng5+ 28. Kg3 
Qxe1+ 29. B@f2 Ne4+ 30. Kf3 Qxf2+ 31. Kxe4 R@f4+ 32. Kd5 B@c6# 
{BEO checkmated} 0-1

[Event "fics rated crazyhouse match"]
[Site "fics, Oklahoma City, OK USA"]
[Date "2000.01.30"]
[White "Thufir"]
[WhiteElo "2286"]
[Black "Tecumseh"]
[BlackElo "2259"]
[TimeControl "180+0"]
[Result "1-0"]

1. e4 Nc6 2. d4 d5 3. exd5 Qxd5 4. Nf3 Bg4 5. Be2 Rd8 6. Be3 
e5 7. Nc3 Bb4 8. O-O Bxc3 9. bxc3 e4 10. Ng5 Bxe2 11. Qxe2 P@f3 
12. gxf3 exf3 13. Nxf3 B@g4 14. P@g2 P@e4 15. Bg5 Nge7 16. Bxe7 Nxe7 17. P@h6 
exf3 18. hxg7 N@h3+ 19. gxh3 B@f6 20. gxh8=Q+ Bxh8 21. R@g8+ Kd7 22. Rxd8+ Kxd8 
23. R@b8+ R@c8 24. Rxc8+ Bxc8 25. R@f8+ R@e8 26. Rxe8+ Kxe8 27. R@g8+ R@f8 28. Rxf8+ 
Kxf8 29. B@h6+ P@g7 30. P@f6 fxe2 31. fxg7+ Bxg7 32. R@h8+ R@g8 33. Bxg7+ Kxg7 
34. Rxg8+ Kxg8 35. N@h6+ Kg7 36. R@g8+ Kxh6 37. B@f4+ B@g5 38. B@g7+ Kg6 39. P@h5+ 
Kxh5 40. P@g4+ Kg6 41. N@h8# 
{Tecumseh checkmated} 1-0

[Event "fics rated crazyhouse match"]
[Site "fics, Oklahoma City, OK USA"]
[Date "2000.01.30"]
[White "Tecumseh"]
[WhiteElo "2252"]
[Black "Thufir"]
[BlackElo "2293"]
[TimeControl "180+0"]
[Result "0-1"]

1. e4 e6 2. d4 Nc6 3. e5 d6 4. Nf3 dxe5 5. dxe5 Qxd1+ 6. Kxd1 
P@e4 7. P@b5 exf3 8. bxc6 Q@d5+ 9. Q@d2 fxg2 10. Qxd5 gxf1=Q+ 11. Rxf1 exd5 
12. P@d7+ Bxd7 13. cxd7+ Kxd7 14. e6+ Kxe6 15. B@g4+ P@f5 16. N@d4+ Kd7 17. Bxf5+ 
P@e6 18. Bxe6+ fxe6 19. Q@f7+ Q@e7 20. Qxe7+ Bxe7 21. P@e2 P@g2 22. Rg1 N@e4 
23. Q@e3 Q@f1+ 24. Rxf1 gxf1=Q+ 25. Q@e1 Qxe1+ 26. Kxe1 Q@g1# 
{Tecumseh checkmated} 0-1

[Event "fics rated crazyhouse match"]
[Site "fics, Oklahoma City, OK USA"]
[Date "2000.01.30"]
[White "Thufir"]
[WhiteElo "2300"]
[Black "Tecumseh"]
[BlackElo "2245"]
[TimeControl "180+0"]
[Result "0-1"]

1. e4 Nc6 2. d4 d5 3. exd5 Qxd5 4. Nf3 Bg4 5. Be2 Rd8 6. P@e3 
e5 7. Nc3 Bb4 8. Bd2 Bxc3 9. bxc3 e4 10. B@c4 exf3 11. Bxd5 fxe2 
12. Bxf7+ Kf8 13. Qc1 P@h3 14. Bxg8 Rxg8 15. P@f7 hxg2 16. fxg8=Q+ Kxg8 17. R@h8+ 
Kxh8 18. N@f7+ Kg8 19. Q@h8+ Kxf7 20. f3 gxh1=Q+ 21. Kxe2 B@c4+ 22. Kf2 R@g2# 
{Thufir checkmated} 0-1

[Event "fics rated crazyhouse match"]
[Site "fics, Oklahoma City, OK USA"]
[Date "2000.01.30"]
[White "Tecumseh"]
[WhiteElo "2254"]
[Black "Thufir"]
[BlackElo "2291"]
[TimeControl "180+0"]
[Result "0-1"]

1. e4 e6 2. d4 Nc6 3. Be3 Nf6 4. e5 Nd5 5. Nf3 d6 6. Be2 
Be7 7. O-O dxe5 8. dxe5 P@g4 9. Nd4 Nxe5 10. Bxg4 P@f4 11. Bc1 Nf6 
12. Be2 O-O 13. Bxf4 Ng6 14. Bg5 e5 15. P@h6 gxh6 16. Bxh6 exd4 17. P@g7 
Re8 18. Nc3 N@f5 19. P@g5 Nxh6 20. gxh6 P@h3 21. P@h5 hxg2 22. hxg6 hxg6 
23. N@g5 B@f4 24. N@h3 Bxh3 25. Nxh3 Bxh6 26. Kxg2 N@h4+ 27. Kg1 Bxg7 28. P@g2 
dxc3 29. Qxd8 Raxd8 30. B@f3 cxb2 
{Tecumseh resigns} 0-1